 Dungeon Crawl Stone Soup version 0.23-a0-449-g8e4cbf7 (webtiles) character file.

1306 Lavandula the Gusty (level 8, -1/93 HPs)
             Began as a Naga Air Elementalist on Nov 22, 2018.
             Was an Initiate of Ru.
             Slain by an orc warrior
             ... wielding a +0 hand axe
              (8 damage)
             ... on level 6 of the Dungeon.
             The game lasted 00:12:53 (2753 turns).

Lavandula the Gusty (Naga Air Elementalist)         Turns: 2753, Time: 00:12:54

Health: -1/93      AC:  7    Str: 18    XL:     8   Next: 57%
Magic:  20/21      EV:  8    Int: 18    God:    Ru [......]
Gold:   341        SH:  0    Dex: 12    Spells: 3/13 levels left

rFire    . . .     SeeInvis +   v - +0 long sword (holy)
rCold    . . .     Gourm    .   (no shield)
rNeg     . . .     Faith    .   x - +2 scale mail "Earthly Heaven" {MR- MP+9 Str+3 Slay+6}
rPois    +         Spirit   .   (no helmet)
rElec    .         Reflect  .   p - scarf {cloud immunity}
rCorr    .         Harm     .   (no gloves)
MR       .....                  (no barding)
Stlth    ..........             (no amulet)
HPRegen  0.25/turn              (no ring)
MPRegen  0.17/turn              (no ring)

@: berserking, quick
A: large, see invisible, deformed body, poison resistance, slowness 2, slow
metabolism 1, spit poison 1, AC +2
a: Spit Poison, Renounce Religion


You were on level 6 of the Dungeon.
You worshipped Ru.
Ru was noncommittal.
You were not hungry.

You visited 2 branches of the dungeon, and saw 8 of its levels.

You collected 377 gold pieces.
You spent 36 gold pieces at shops.

Inventory:

Hand Weapons
 f - a +0 dagger
 m - a +0 spear
 o - a +0 trident
 v - a +0 long sword of holy wrath (weapon)
Missiles
 q - a throwing net (quivered)
 C - 4 steel tomahawks
Armour
 a - a +0 robe
 p - a scarf of cloud immunity (worn)
 x - the +2 scale mail "Earthly Heaven" (worn) {MR- MP+9 Str+3 Slay+6}
   (You found it on level 5 of the Dungeon)

   It affects your strength (+3).
   It affects your accuracy and damage with ranged weapons and melee attacks
   (+6).
   It affects your resistance to hostile enchantments.
   It affects your magic capacity (+9).
Wands
 u - a wand of digging (4)
Scrolls
 b - 2 scrolls of enchant weapon {unknown}
 d - 6 scrolls of identify {unknown}
 e - 2 scrolls of remove curse {unknown}
 h - a scroll of fog {unknown}
 j - 2 scrolls of teleportation
 l - a scroll of magic mapping {unknown}
 r - a scroll of enchant armour {unknown}
 t - a scroll of blinking {unknown}
 y - a scroll of fear {unknown}
 D - a scroll of amnesia {unknown}
 E - a scroll of acquirement {unknown}
Potions
 g - a potion of curing
 i - a potion of berserk rage
 k - a potion of lignification {unknown}
 s - a potion of invisibility {unknown}
 w - a potion of ambrosia {unknown}
 z - a potion of flight {unknown}
 A - a potion of haste {unknown}
 B - a potion of mutation {unknown}
Comestibles
 c - 12 rations
 n - a chunk of flesh


   Skills:
 + Level 6.4 Long Blades
 - Level 1.5 Dodging
 - Level 3.0 Stealth
 - Level 3.2 Spellcasting
 - Level 1.0 Conjurations
 - Level 7.7 Air Magic


You had 3 spell levels left.
You knew the following spells:

 Your Spells              Type           Power        Failure   Level  Hunger
a - Shock                 Conj/Air       ###.         9%          1    None
b - Swiftness             Chrm/Air       ###.....     17%         2    ##.....
c - Static Discharge      Conj/Air       ###.....     26%         3    ###....
d - Airstrike             Air            ####......   22%         4    ####...

Your spell library contained the following spells:

 Spells                   Type           Power        Failure   Level  Hunger
 Lightning Bolt           Conj/Air       ###.......   94%         5    ######.


Dungeon Overview and Level Annotations

Branches:
Dungeon (7/15)             Temple (1/1) D:5

Altars:
Ashenzari
Cheibriados
Dithmenos
Elyvilon
Fedhas
Gozag
Hepliaklqana
Kikubaaqudgha
Makhleb
Nemelex Xobeh
Okawaru
Qazlal
Ru
Sif Muna
Trog
Uskayaw
Vehumet
Wu Jian
Xom
Yredelemnul
Zin
The Shining One

Shops:
D:4 (   D:5 *

Annotations:
D:4 3 runed doors, Lavandula's ghost, amateur OpHu


Innate Abilities, Weirdness & Mutations

You cannot wear boots.
Your serpentine skin is tough. (AC +2)
You have supernaturally acute eyesight. (SInv)
Armour fits poorly on your strangely shaped body.
Your system is resistant to poisons. (rPois)
You cover ground very slowly.
You have a slow metabolism.
You can spit poison.


Message History

Unknown command.
You feel better. The orc hits you but does no damage.
Okay, then.
A red film seems to cover your vision as you go berserk!
You feel yourself moving faster!
You feel mighty!
The orc warrior hits you with a +0 hand axe.
* * * LOW HITPOINT WARNING * * *
The orc closely misses you.
Unknown command.
You closely miss the orc warrior.
The orc warrior is lightly wounded.
The orc warrior hits you with a +0 hand axe!
* * * LOW HITPOINT WARNING * * *
The orc hits you with a +0 falchion.
* * * LOW HITPOINT WARNING * * *
Unknown command.
You hit the orc warrior.
The orc warrior is moderately wounded.
The orc warrior hits you with a +0 hand axe!
You die...

#...........##...##..........#
#............#....#..........#
#............##..............#
###.............#.♣............#
...............##..............#
...)...........#....#..........#
....).........##...##..........#
...)..........#o...#...........#
)##...........#.@.##...........#
.##...........#.o.#............#
.##...........#####............#
.##............................#
.##............................#
.##............................#
.##............................#
###............................#
###########.##.###############


You could see an orc warrior and an orc.

Vanquished Creatures
  An orc warrior (D:6)
  A water moccasin (D:6)
  An ice beast (D:5)
  2 ogres
  2 bullfrogs (D:6)
  A water moccasin skeleton (D:6)
  A howler monkey (D:5)
  4 hounds
  3 orc priests
  Ijyb (D:4)
  2 iguanas
  2 orc wizards
  2 worker ants
  A worker ant zombie (D:6)
  8 gnolls
  7 adders
  A howler monkey skeleton (D:7)
  A shadow imp (D:6)
  2 oozes
  4 leopard geckos
  18 orcs
  A giant cockroach (D:7)
  4 goblins
  2 hobgoblins (D:1)
  4 jackals (D:3)
  5 kobolds
  2 quokkas
  4 bats (D:3)
  2 frilled lizards
  2 rats (D:3)
91 creatures vanquished.

Notes
Turn   | Place    | Note
-------+----------+-------------------------------------------
     0 | D:1      | Lavandula the Naga Air Elementalist began the quest for the
                  | Orb.
     0 | D:1      | Reached XP level 1. HP: 15/15 MP: 3/3
   175 | D:3      | Reached XP level 2. HP: 22/22 MP: 3/5
   241 | D:3      | Reached XP level 3. HP: 21/28 MP: 1/7
   317 | D:4      | Noticed an eye of draining
   317 | D:4      | Noticed Lavandula's ghost (amateur OpHu)
   323 | D:4      | Noticed Ijyb
   329 | D:4      | Found a runed gate.
   329 | D:4      | Found a runed gate.
   329 | D:4      | Found a runed gate.
   340 | D:4      | Killed Ijyb
   355 | D:5      | Entered Level 5 of the Dungeon
   404 | D:4      | Reached skill level 4 in Air Magic
   404 | D:4      | Reached XP level 4. HP: 35/36 MP: 3/8
   419 | D:4      | Found Osyss's Weapon Emporium.
   486 | D:4      | Noticed an ogre
   498 | D:4      | Killed an ogre
   498 | D:4      | Reached skill level 5 in Air Magic
   498 | D:4      | Reached XP level 5. HP: 26/42 MP: 4/9
   502 | D:4      | Learned a level 2 spell: Swiftness
   506 | D:4      | Learned a level 3 spell: Static Discharge
   511 | D:4      | Learned a level 4 spell: Airstrike
   534 | D:5      | Found Xilluuri's General Store.
   537 | D:5      | Bought a scroll of teleportation for 36 gold pieces
   656 | D:5      | Reached XP level 6. HP: 49/49 MP: 6/10
   804 | D:5      | Reached skill level 6 in Air Magic
   822 | D:5      | Found a staircase to the Ecumenical Temple.
   837 | Temple   | Entered the Ecumenical Temple
   932 | D:5      | Noticed an ice beast
   949 | D:5      | Got a heavily runed scale mail
   960 | D:5      | Identified the +2 scale mail "Earthly Heaven" {MR- MP+9
                  | Str+3 Slay+6} (You found it on level 5 of the Dungeon)
   988 | D:5      | Killed an ice beast
   988 | D:5      | Reached skill level 7 in Air Magic
   988 | D:5      | Reached XP level 7. HP: 34/55 MP: 6/11
  1429 | D:4      | Found an opulent altar of Gozag.
  1488 | D:4      | Reached skill level 1 in Long Blades
  1663 | D:3      | Found a bloodstained altar of Trog.
  2028 | D:3      | Found a faded altar of an unknown god.
  2207 | D:6      | Reached XP level 8. HP: 9/62 MP: 4/12
  2212 | D:6      | HP: 2/62 [water moccasin skeleton (2)]
  2387 | D:6      | Reached skill level 5 in Long Blades
  2541 | D:6      | Found a shattered altar of Ashenzari.
  2549 | D:6      | Found a stormy altar of Qazlal.
  2554 | D:6      | Found an ornate altar of the Wu Jian Council.
  2554 | D:6      | Found a burning altar of Makhleb.
  2555 | D:6      | Found a sacrificial altar of Ru.
  2560 | D:6      | Became a worshipper of Ru the Awakened
  2753 | D:6      | Slain by an orc warrior

Vault maps used:
D:1:      dpeg_arrival_castle, serial_forest, infiniplex_forest_lined_2,
          infiniplex_forest_clump_tiny, infiniplex_forest_straight_2,
          infiniplex_forest_lined_3, infiniplex_forest_lined_3,
          infiniplex_forest_corner_1, infiniplex_forest_fountain,
          minmay_misc_feat_plants, chequers_serial_rivers_marsh
D:2:      first_ration
D:3:      lightli_temple_of_fire, chequers_ecumenical_altar_twisty
D:4:      serial_shops, kennysheep_little_box, gammafunk_ghost_split,
          nicolae_gozag_cash_rules_everything_around_me, uniq_ijyb
D:5:      minmay_temple_entry_metal_lava, serial_shops, shop
D:6:      minmay_cornered_nines, minitemple, grunt_ministairs_12
Temple:   lightli_temple_of_artemis

Skill      XL: |  1  2  3  4  5  6  7  8 |
---------------+-------------------------+-----
Spellcasting   | 3 |  3.2
Air Magic      | 4 5 7 |  7.7
Long Blades    | 3 6 |  6.4
Dodging        | |  1.5
Stealth        | |  3.0
Conjurations   | |  1.0

Action                   |  1- 3 |  4- 6 |  7- 9 || total
-------------------------+-------+-------+-------++-------
Melee: Spear             |     2 |       |       ||     2
       Long sword        |       |     8 |   100 ||   108
 Cast: Shock             |    20 |    37 |    45 ||   102
       Static Discharge  |       |       |     4 ||     4
 Abil: Spit Poison       |     9 |    14 |    15 ||    38
Evoke: Wand              |       |       |     4 ||     4
  Use: Potion            |       |       |     5 ||     5
       Scroll            |       |       |     1 ||     1
  Eat: Chunk             |       |     1 |     7 ||     8
Armor: Robe              |       |     3 |       ||     3
       Scale mail        |       |     4 |   101 ||   105
Dodge: Dodged            |    11 |    17 |    67 ||    95
       Rpst.: Long sword |       |     3 |    20 ||    23

Table legend:
 A = Non-vault XP
 B = Vault XP
 C = Vault XP percentage of total XP
 D = Non-vault monster count
 E = Vault monster count
 F = Vault count percentage of total count
                 A         B        C        D         E       F
            +---------+---------+-------+---------+---------+-------
      Total |    1687 |     179 |   9.6 |      84 |       7 |   7.7
            +---------+---------+-------+---------+---------+-------
        D:1 |       6 |       0 |   0.0 |       3 |       0 |   0.0
        D:2 |       5 |       0 |   0.0 |       3 |       0 |   0.0
        D:3 |     179 |       0 |   0.0 |      29 |       0 |   0.0
        D:4 |     214 |      39 |  15.4 |      10 |       1 |   9.1
        D:5 |     546 |      55 |   9.2 |      15 |       2 |  11.8
        D:6 |     658 |      85 |  11.4 |      16 |       4 |  20.0
        D:7 |      79 |       0 |   0.0 |       8 |       0 |   0.0
            +---------+---------+-------+---------+---------+-------
